TOP OF THE 1ST |
Nashville Sounds batting - Pitching for Scranton WB RailRiders : RHP Jason Sterner
|
Pitching: RHP Jason Sterner
|
|
Batting: SHB Robert Santiago
|
0-0: Called Strike 0-1: Fly out, F4 (Line Drive, 4, EV 71.9 MPH)
|
Batting: RHB Robby Godwin
|
0-0: Ball 1-0: Swinging Strike 1-1: Ground out 6-3 (Groundball, 6D, EV 102.5 MPH)
|
Batting: RHB Tim Cordle
|
0-0: Ball 1-0: Fly out, F3 (Popup, 3SF, EV 88.1 MPH)
|
Top of the 1st over - 0 runs, 0 hits, 0 errors, 0 left on base; Nashville 0 - Scranton WB 0 |
BOTTOM OF THE 1ST |
Scranton WB RailRiders batting - Pitching for Nashville Sounds : RHP Kevin Endsley
|
Pitching: RHP Kevin Endsley
|
|
Batting: RHB Josh Zoglmann
|
0-0: Called Strike 0-1: Ball 1-1: Foul Ball, location: 2F 1-2: Ball 2-2: Strikes out swinging, 2-3 out at first.
|
Batting: SHB Victor Ruiz
|
0-0: SINGLE (Groundball, 34D, EV 94.4 MPH)
|
Batting: SHB Mukhtar Wa'il
|
0-0: Called Strike 0-1: Swinging Strike 0-2: Strikes out looking
|
Batting: LHB Joel Vera
|
0-0: Ball 1-0: DOUBLE (Line Drive, 3D, EV 99.4 MPH) Victor Ruiz to third
|
Batting: LHB Dan Morris
|
0-0: Ball 1-0: Ground out 2-3 (Groundball, 2L, EV 69.4 MPH)
|
Bottom of the 1st over - 0 runs, 2 hits, 0 errors, 2 left on base; Nashville 0 - Scranton WB 0 |
TOP OF THE 2ND |
Nashville Sounds batting - Pitching for Scranton WB RailRiders : RHP Jason Sterner
|
Batting: RHB David Herrera
|
0-0: SINGLE (Line Drive, 8LS, EV 96.9 MPH)
|
Batting: LHB Tomas Segarra
|
0-0: Foul Ball, location: 2F 0-1: Ball 1-1: Ball 2-1: SINGLE (Groundball, 34D, EV 101.2 MPH) (infield hit) David Herrera to second
|
Batting: RHB Wade Diamond
|
0-0: Ball 1-0: Ball 2-0: Called Strike 2-1: Ball 3-1: Fielders Choice at 2nd, 4-6 (Groundball, 34D, EV 98.8 MPH) David Herrera to third
|
Batting: SHB D.J. Codd
|
0-0: Ball 1-0: Called Strike 1-1: Ball 2-1: Fly out, F8 (Flyball, 89S, EV 88.8 MPH)
|
Batting: SHB Ryan Chicoine
|
0-0: Ball 1-0: Called Strike 1-1: Foul Ball, location: 2F 1-2: Ground out 6-3 (Groundball, P, EV 80.6 MPH)
|
Top of the 2nd over - 0 runs, 2 hits, 0 errors, 2 left on base; Nashville 0 - Scranton WB 0 |
BOTTOM OF THE 2ND |
Scranton WB RailRiders batting - Pitching for Nashville Sounds : RHP Kevin Endsley
|
Batting: RHB Andy Wasierski
|
0-0: Ball 1-0: Called Strike 1-1: Foul Ball, location: 2F 1-2: Strikes out looking
|
Batting: LHB Aaron Joyner
|
0-0: Ball 1-0: Called Strike 1-1: Called Strike 1-2: Strikes out swinging
|
Batting: SHB Jose Vargas
|
0-0: Called Strike 0-1: Ball 1-1: SINGLE (Line Drive, 4D, EV 95.6 MPH)
|
Batting: SHB Joe Fure
|
0-0: Ball 1-0: Ground out 4-3 (Groundball, 34S, EV 81.2 MPH)
|
Bottom of the 2nd over - 0 runs, 1 hit, 0 errors, 1 left on base; Nashville 0 - Scranton WB 0 |
TOP OF THE 3RD |
Nashville Sounds batting - Pitching for Scranton WB RailRiders : RHP Jason Sterner
|
Batting: RHB Eduardo Chavez
|
0-0: Ball 1-0: Ball 2-0: Called Strike 2-1: Ground out 6-3 (Groundball, 6, EV 98.1 MPH)
|
Batting: SHB Robert Santiago
|
0-0: Called Strike 0-1: Called Strike 0-2: Ball 1-2: Ball 2-2: Ground out 6-3 (Groundball, 6, EV 83.8 MPH)
|
Batting: RHB Robby Godwin
|
0-0: Foul Ball, location: 2F 0-1: Foul Ball, location: 2F 0-2: Ball 1-2: Foul Ball, location: 2F 1-2: Ball 2-2: Fly out, F9 (Flyball, 89S, EV 84.4 MPH)
|
Top of the 3rd over - 0 runs, 0 hits, 0 errors, 0 left on base; Nashville 0 - Scranton WB 0 |
BOTTOM OF THE 3RD |
Scranton WB RailRiders batting - Pitching for Nashville Sounds : RHP Kevin Endsley
|
Batting: RHB Josh Zoglmann
|
0-0: Ball 1-0: Ball 2-0: Ground out 5-3 (Groundball, 56S, EV 65.0 MPH)
|
Batting: SHB Victor Ruiz
|
0-0: Foul Ball, location: 2F 0-1: Ball 1-1: Ball 2-1: Foul Ball, location: 2F 2-2: Ball 3-2: Foul Ball, location: 2F 3-2: Base on Balls
|
Batting: SHB Mukhtar Wa'il
|
Pickoff Throw to First - Out! 1-3 0-0: Ball 1-0: TRIPLE (Line Drive, 89XD, EV 106.2 MPH)
|
Batting: LHB Joel Vera
|
0-0: Ground out 6-3 (Groundball, 6, EV 86.2 MPH)
|
Bottom of the 3rd over - 0 runs, 1 hit, 0 errors, 1 left on base; Nashville 0 - Scranton WB 0 |
TOP OF THE 4TH |
Nashville Sounds batting - Pitching for Scranton WB RailRiders : RHP Jason Sterner
|
Batting: RHB Tim Cordle
|
0-0: Called Strike 0-1: Swinging Strike 0-2: Foul Ball, location: 2F 0-2: Strikes out swinging
|
Batting: RHB David Herrera
|
0-0: Hit by Pitch
|
Batting: LHB Tomas Segarra
|
0-0: Foul Ball, location: 2F 0-1: Ball 1-1: Swinging Strike 1-2: Ball 2-2: Ball 3-2: Base on Balls David Herrera to second
|
Batting: RHB Wade Diamond
|
0-0: Ball 1-0: Ball 2-0: Called Strike 2-1: Foul Ball, location: 2F 2-2: Foul Ball, location: 2F 2-2: Ball 3-2: SINGLE (Groundball, 4S, EV 66.2 MPH) (infield hit) David Herrera to third Tomas Segarra to second
|
Batting: SHB D.J. Codd
|
0-0: Called Strike 0-1: Ball 1-1: Foul Ball, location: 2F 1-2: Strikes out swinging
|
Batting: SHB Ryan Chicoine
|
0-0: Called Strike 0-1: Ball 1-1: Ball 2-1: SINGLE (Groundball, 4M, EV 100.6 MPH) (infield hit) David Herrera scores Tomas Segarra to third Wade Diamond to second
|
Batting: RHB Eduardo Chavez
|
0-0: Swinging Strike 0-1: Swinging Strike 0-2: Foul Ball, location: 2F 0-2: Strikes out swinging
|
Top of the 4th over - 1 run, 2 hits, 0 errors, 3 left on base; Nashville 1 - Scranton WB 0 |
BOTTOM OF THE 4TH |
Scranton WB RailRiders batting - Pitching for Nashville Sounds : RHP Kevin Endsley
|
Batting: LHB Dan Morris
|
0-0: Foul Ball, location: 2F 0-1: Swinging Strike 0-2: Ball 1-2: SINGLE (Groundball, P, EV 80.6 MPH) (infield hit)
|
Batting: RHB Andy Wasierski
|
0-0: Ball 1-0: Ball 2-0: Ball 3-0: Base on Balls Dan Morris to second
|
Batting: LHB Aaron Joyner
|
0-0: Ball 1-0: Swinging Strike 1-1: DOUBLE (Line Drive, 89XD, EV 108.1 MPH) Dan Morris scores Andy Wasierski to third
|
Batting: SHB Jose Vargas
|
0-0: Called Strike 0-1: Foul Ball, location: 2F 0-2: Fly out, F8 (Flyball, 89M, EV 92.5 MPH) Runner from 3rd tags up, SCORES, throw by CF Aaron Joyner to third
|
Batting: SHB Joe Fure
|
0-0: Ball 1-0: Foul Ball, location: 2F 1-1: Swinging Strike 1-2: Ball 2-2: Strikes out swinging
|
Batting: RHB Josh Zoglmann
|
0-0: SINGLE (Line Drive, 5D, EV 105.0 MPH) Aaron Joyner scores
|
Batting: SHB Victor Ruiz
|
0-0: Ball Josh Zoglmann is caught stealing 2nd base 2-6
|
Bottom of the 4th over - 3 runs, 3 hits, 0 errors, 0 left on base; Nashville 1 - Scranton WB 3 |
TOP OF THE 5TH |
Nashville Sounds batting - Pitching for Scranton WB RailRiders : RHP Jason Sterner
|
Batting: SHB Robert Santiago
|
0-0: Foul Ball, location: 2F 0-1: Foul Ball, location: 2F 0-2: DOUBLE (Line Drive, 3D, EV 97.5 MPH)
|
Batting: RHB Robby Godwin
|
0-0: Called Strike 0-1: Ball 1-1: Called Strike 1-2: Strikes out swinging
|
Batting: RHB Tim Cordle
|
0-0: Called Strike 0-1: Foul Ball, location: 2F 0-2: Ball 1-2: Strikes out swinging
|
Batting: RHB David Herrera
|
0-0: Called Strike 0-1: Swinging Strike 0-2: SINGLE (Groundball, 6MD, EV 103.1 MPH) Robert Santiago to third
|
Batting: LHB Tomas Segarra
|
0-0: Ball 1-0: Ball 2-0: Called Strike 2-1: Ball 3-1: TRIPLE (Flyball, 9LD, EV 101.2 MPH) Robert Santiago scores David Herrera scores
|
Batting: RHB Wade Diamond
|
0-0: Ground out 6-3 (Groundball, 6, EV 102.5 MPH)
|
Top of the 5th over - 2 runs, 3 hits, 0 errors, 1 left on base; Nashville 3 - Scranton WB 3 |
BOTTOM OF THE 5TH |
Scranton WB RailRiders batting - Pitching for Nashville Sounds : RHP Kevin Endsley
|
Batting: SHB Victor Ruiz
|
0-0: Ball 1-0: Foul Ball, location: 2F 1-1: Fly out, F5 (Popup, 56S, EV 79.4 MPH)
|
Batting: SHB Mukhtar Wa'il
|
0-0: Called Strike 0-1: Ball 1-1: Called Strike 1-2: Strikes out swinging
|
Batting: LHB Joel Vera
|
0-0: Fly out, F7 (Flyball, 7, EV 86.9 MPH)
|
Bottom of the 5th over - 0 runs, 0 hits, 0 errors, 0 left on base; Nashville 3 - Scranton WB 3 |
TOP OF THE 6TH |
Nashville Sounds batting - Pitching for Scranton WB RailRiders : RHP Jason Sterner
|
Batting: SHB D.J. Codd
|
0-0: Foul Ball, location: 2F 0-1: Ball 1-1: Swinging Strike 1-2: Foul Ball, location: 2F 1-2: Ball 2-2: Foul Ball, location: 2F 2-2: Ground out U3 (Groundball, 3L, EV 86.2 MPH)
|
Batting: SHB Ryan Chicoine
|
0-0: Swinging Strike 0-1: Foul Ball, location: 2F 0-2: Ball 1-2: Ball 2-2: Foul Ball, location: 2F 2-2: Ball 3-2: SINGLE (Groundball, 6MD, EV 95.6 MPH)
|
Pitching: RHP Jim Milch
|
|
Batting: RHB Eduardo Chavez
|
0-0: Ball 1-0: Foul Ball, location: 2F 1-1: Called Strike 1-2: Strikes out swinging
|
Batting: SHB Robert Santiago
|
0-0: Ball 1-0: Called Strike 1-1: Called Strike 1-2: Foul Ball, location: 2F 1-2: Ground out 4-3 (Groundball, 4, EV 83.8 MPH)
|
Top of the 6th over - 0 runs, 1 hit, 0 errors, 1 left on base; Nashville 3 - Scranton WB 3 |
BOTTOM OF THE 6TH |
Scranton WB RailRiders batting - Pitching for Nashville Sounds : RHP Kevin Endsley
|
Batting: LHB Dan Morris
|
0-0: Foul Ball, location: 2F 0-1: Ball 1-1: Fly out, F9 (Line Drive, 89M, EV 89.4 MPH)
|
Batting: RHB Andy Wasierski
|
0-0: Called Strike 0-1: Foul Ball, location: 2F 0-2: Ball 1-2: Foul Ball, location: 2F 1-2: Ball 2-2: Ball 3-2: Base on Balls
|
Batting: LHB Aaron Joyner
|
0-0: Ball 1-0: Ball Andy Wasierski steals 2nd base 2-0: Called Strike 2-1: Swinging Strike 2-2: Foul Ball, location: 2F 2-2: Foul Ball, location: 2F 2-2: Ball 3-2: Foul Ball, location: 2F 3-2: Ground out 6-3 (Groundball, 6S, EV 86.9 MPH) Andy Wasierski to third
|
Batting: SHB Jose Vargas
|
0-0: Ball 1-0: Fly out, F8 (Flyball, 89D, EV 88.1 MPH)
|
Bottom of the 6th over - 0 runs, 0 hits, 0 errors, 1 left on base; Nashville 3 - Scranton WB 3 |
TOP OF THE 7TH |
Nashville Sounds batting - Pitching for Scranton WB RailRiders : RHP Jim Milch
|
Batting: RHB Robby Godwin
|
0-0: Ball 1-0: Hit by Pitch
|
Batting: RHB Tim Cordle
|
0-0: Ball 1-0: Swinging Strike 1-1: Grounds into double play, 4-6-3 (Groundball, 4, EV 84.4 MPH)
|
Batting: RHB David Herrera
|
0-0: Foul Ball, location: 2F 0-1: DOUBLE (Line Drive, 89XD, EV 107.5 MPH)
|
Batting: LHB Tomas Segarra
|
0-0: Ball 1-0: Called Strike 1-1: Ball 2-1: Foul Ball, location: 2F 2-2: Foul Ball, location: 2F 2-2: Strikes out swinging
|
Top of the 7th over - 0 runs, 1 hit, 0 errors, 1 left on base; Nashville 3 - Scranton WB 3 |
BOTTOM OF THE 7TH |
Scranton WB RailRiders batting - Pitching for Nashville Sounds : RHP Kevin Endsley
|
Batting: SHB Joe Fure
|
0-0: Foul Ball, location: 2F 0-1: Ball 1-1: Foul Ball, location: 2F 1-2: Strikes out swinging
|
Batting: RHB Josh Zoglmann
|
0-0: Swinging Strike 0-1: Swinging Strike 0-2: Foul Ball, location: 2F 0-2: Ball 1-2: Strikes out swinging
|
Batting: SHB Victor Ruiz
|
0-0: Called Strike 0-1: Ball 1-1: Swinging Strike 1-2: SOLO HOME RUN (Flyball, 9D, EV 97.5 MPH), Distance : 371 ft
|
Batting: SHB Mukhtar Wa'il
|
0-0: Called Strike 0-1: Ball 1-1: Ball 2-1: Ball 3-1: Swinging Strike 3-2: Foul Ball, location: 2F 3-2: Base on Balls
|
Pitching: RHP Jesus Moreno
|
|
Batting: LHB Joel Vera
|
0-0: Ball 1-0: Ball 2-0: Ball 3-0: Base on Balls Mukhtar Wa'il to second
|
Batting: LHB Dan Morris
|
0-0: Ball 1-0: Called Strike 1-1: Ball 2-1: Ball 3-1: SINGLE (Groundball, 34D, EV 82.5 MPH) (infield hit) Mukhtar Wa'il to third Joel Vera to second
|
Batting: RHB Andy Wasierski
|
0-0: Ball 1-0: Foul Ball, location: 2F 1-1: Foul Ball, location: 2F 1-2: Strikes out swinging
|
Bottom of the 7th over - 1 run, 2 hits, 0 errors, 3 left on base; Nashville 3 - Scranton WB 4 |
TOP OF THE 8TH |
Nashville Sounds batting - Pitching for Scranton WB RailRiders : RHP Jim Milch
|
Pitching: RHP Joe Kimbrough
|
|
Batting: RHB Wade Diamond
|
0-0: Ball 1-0: Swinging Strike 1-1: Ball 2-1: Called Strike 2-2: Ball 3-2: Strikes out swinging, 2-3 out at first.
|
Batting: SHB D.J. Codd
|
0-0: Ball 1-0: Foul Ball, location: 2F 1-1: Swinging Strike 1-2: Strikes out swinging
|
Batting: SHB Ryan Chicoine
|
0-0: Called Strike 0-1: Foul Ball, location: 2F 0-2: Foul Ball, location: 2F 0-2: Strikes out swinging
|
Top of the 8th over - 0 runs, 0 hits, 0 errors, 0 left on base; Nashville 3 - Scranton WB 4 |
BOTTOM OF THE 8TH |
Scranton WB RailRiders batting - Pitching for Nashville Sounds : RHP Jesus Moreno
|
Batting: LHB Aaron Joyner
|
0-0: Ball 1-0: Ball 2-0: Called Strike 2-1: Ball 3-1: Swinging Strike 3-2: Base on Balls
|
Batting: SHB Jose Vargas
|
0-0: Called Strike Aaron Joyner steals 2nd base 0-1: Ball 1-1: Ground out 5-3 (Groundball, 5, EV 84.4 MPH)
|
Batting: SHB Joe Fure
|
0-0: Ball 1-0: Ball 2-0: Fly out, F8 (Line Drive, 8LM, EV 86.2 MPH)
|
Batting: RHB Josh Zoglmann
|
0-0: Called Strike 0-1: Foul Ball, location: 2F 0-2: Strikes out swinging
|
Bottom of the 8th over - 0 runs, 0 hits, 0 errors, 1 left on base; Nashville 3 - Scranton WB 4 |
TOP OF THE 9TH |
Nashville Sounds batting - Pitching for Scranton WB RailRiders : RHP Joe Kimbrough
|
Pitching: RHP Mark Stafford
|
|
Now at 1B: Ryan Buchbinder
|
|
Batting: RHB Eduardo Chavez
|
0-0: Swinging Strike 0-1: Ball 1-1: Ball 2-1: Ball 3-1: Ground out 4-3 (Groundball, 4, EV 104.4 MPH)
|
Batting: SHB Robert Santiago
|
0-0: Called Strike 0-1: Swinging Strike 0-2: Strikes out looking
|
Batting: RHB Robby Godwin
|
0-0: Fly out, F7 (Flyball, 78M, EV 93.8 MPH)
|
Top of the 9th over - 0 runs, 0 hits, 0 errors, 0 left on base; Nashville 3 - Scranton WB 4 |
|